 Dungeon Crawl Stone Soup version 0.31-a0-176-g91f28db67f (webtiles) character file.

Game seed: 13019063977943792499

101 Hajna the Firebug (level 4, -1/34 HPs)
             Began as a Hill Orc Fire Elementalist on June 18, 2023.
             Slain by a gnoll
             ... wielding a +0 whip
              (10 damage)
             ... on level 3 of the Dungeon.
             The game lasted 00:08:36 (2957 turns).

Hajna the Firebug (Hill Orc Fire Elementalist)      Turns: 2957, Time: 00:08:37

Health: -1/34      AC:  3    Str: 10    XL:     4   Next: 75%
Magic:  1/7        EV: 12    Int: 17    God:
Gold:   50         SH:  0    Dex: 11    Spells: 4/7 levels left

rFire   . . .        k - staff of conjuration
rCold   . . .        (no shield)
rNeg    . . .        a - +0 robe
rPois   .            (no helmet)
rElec   .            b - +0 cloak
rCorr   .            (no gloves)
SInv    .            (no boots)
Will    .....        (no amulet)
Stlth   +            (no ring)
HPRegen 0.25/turn    (no ring)
MPRegen 0.10/turn

%: no passive effects
@: confused
A: sense surroundings 1
a: no special abilities


You were on level 3 of the Dungeon.
You visited 1 branch of the dungeon, and saw 3 of its levels.

You collected 50 gold pieces.

Inventory:

Hand Weapons
 e - a +0 hand axe
Armour
 a - a +0 robe (worn)
 b - a +0 cloak (worn)
Magical Staves
 k - a staff of conjuration (weapon)
Wands
 m - a wand of iceblast (6)
Scrolls
 i - a scroll of revelation {unknown}
 l - a scroll of identify {unknown}
Potions
 d - a potion of attraction {unknown}
 f - a potion of invisibility {unknown}
 g - a potion of cancellation {unknown}
 h - 2 potions of haste {unknown}
 j - a potion of brilliance {unknown}


   Skills:
 + Level 0.5 Fighting
 + Level 0.2 Axes
 + Level 2.0 Dodging
 + Level 1.8 Stealth
 + Level 0.2 Unarmed Combat
 + Level 2.3 Spellcasting
 + Level 1.9 Conjurations
 + Level 4.1 Fire Magic


You had 4 spell levels left.
You knew the following spells:

 Your Spells              Type           Power      Damage    Failure   Level
a - Foxfire               Conj/Fire      72%        2x1d7     5%          1
b - Scorch                Fire           32%        2d6       4%          2

Your spell library contained the following spells:

 Spells                   Type           Power      Damage    Failure   Level
 Inner Flame              Hex/Fire       9%         N/A       24%         3
 Volatile Blastmotes      Fire/Tloc      18%        2d11      24%         3
 Dazzling Flash           Conj/Hex       14%        N/A       36%         3
 Flame Wave               Conj/Fire      18%        2d7       47%         4
 Iskenderun's Mystic Bla  Conj/Tloc      7%         2d4       77%         4
 Animate Armour           Summ/Erth      2%         N/A       88%         4
 Summon Lightning Spire   Summ/Air       1%         N/A       88%         4
 Blade Hands              Tmut           0%         N/A       99%         5
 Starburst                Conj/Fire      9%         6d5       100%        6


Dungeon Overview and Level Annotations

Branches:
Dungeon (3/15)

Altars:
Ashenzari

Annotations:
D:3 Ijyb


Innate Abilities, Weirdness & Mutations

You passively map a small area around you.


Message History

Ijyb screams, "No!
No, no, no, no!"
An endoplasm comes into view.
You feel a surge of power!
You conjure some foxfire!
The foxfire hits the gnoll.
You kill the gnoll!
The foxfire hits Ijyb but does no damage.
The endoplasm misses you.
A gnoll comes into view. It is wielding a +0 whip.
Things that are here:
a +0 whip; a gnoll corpse The gnoll shouts!
You hit the endoplasm but do no damage. You punch the endoplasm.
The endoplasm is moderately wounded.
Ijyb hits you with a +0 dagger. The endoplasm freezes you.
You are frozen.
You hit the endoplasm.
You kill the endoplasm!
Ijyb hits you but does no damage. Ijyb misses you.
Ijyb zaps a wand.
Your will is overpowered!
You are confused.
The gnoll closely misses you.
You closely miss the gnoll. Ijyb completely misses you.
The gnoll hits you with a +0 whip! Ijyb barely misses you.
An adder comes into view.
Things that are here:
a +0 whip; a gnoll corpse You're too confused to move!
The adder hisses angrily.
Ijyb hits you with a +0 dagger. The gnoll hits you with a +0 whip.
* * * LOW HITPOINT WARNING * * *
A ball python comes into view.
You're too confused to move!
The ball python hisses angrily.
Ijyb barely misses you. The gnoll barely misses you.
It was a potion of mutation.
You feel extremely strange.
You feel a strange attunement to the structure of the dungeons.
The gnoll hits you with a +0 whip!
You die...

######### #.#
* , #.# , #.#
###.## *
#....# *
#....# .#
#....# * #.#*
, #....###...#
#....@gSS).#
,,
#.....g.......
#....#########
, #....#
#....# *
#....# ######


You could see Ijyb, a gnoll, an adder and a ball python.

Vanquished Creatures
  A gnoll (D:3)
  3 adders
  A worm (D:3)
  2 dart slugs
  6 ball pythons
  6 endoplasms
  3 giant cockroaches (D:2)
  6 goblins
  2 hobgoblins
  5 jackals
  4 quokkas
  4 bats
  7 kobolds
  3 rats
  A spectral goblin (D:1)
54 creatures vanquished.

Vanquished Creatures (others)
  196 foxfires
196 creatures vanquished.

Grand Total: 250 creatures vanquished

Notes
Turn   | Place    | Note
-------+----------+-------------------------------------------
     0 | D:1      | Hajna the Hill Orc Fire Elementalist began the quest for
                  | the Orb.
     0 | D:1      | Reached XP level 1. HP: 14/14 MP: 3/3
   119 | D:1      | Reached XP level 2. HP: 10/20 MP: 2/4
   394 | D:1      | Found a faded altar of an unknown god.
  1233 | D:2      | Learned a level 2 spell: Scorch
  1378 | D:2      | Reached XP level 3. HP: 27/27 MP: 2/5
  1944 | D:2      | Reached XP level 4. HP: 34/34 MP: 2/7
  2230 | D:2      | Found a broken altar of Ashenzari.
  2352 | D:2      | Reached skill level 4 in Fire Magic
  2944 | D:3      | Noticed Ijyb
  2957 | D:3      | Gained mutation: You passively map a small area around you.
                  | [potion of mutation]
  2957 | D:3      | Slain by a gnoll

Illustrated notes

Levels and vault maps discovered:
D:1:      dpeg_arrival_simpleton_b, layout_loops_cross,
          dreamdust_ecumenical_altar_drowned_temple,
          chequers_serial_rivers_small_3, minmay_statues_item,
          minmay_door_square
D:2:      layout_basic, basic_altar
D:3:      wander_river, layout_rooms, uniq_ijyb

Skill      XL: |  1  2  3  4 |
---------------+-------------+-----
Dodging        | 2 |  2.0
Spellcasting   | 2 |  2.3
Fire Magic     | 4 |  4.1
Fighting       | |  0.5
Axes           | |  0.2
Stealth        | |  1.8
Unarmed Combat | |  0.2
Conjurations   | |  1.9

Action                     |  1- 3 |  4- 6 || total
---------------------------+-------+-------++-------
  Melee: Unarmed           |    34 |       ||    34
         Hand axe          |    23 |       ||    23
         Punch             |     1 |     1 ||     2
         Staff             |       |     3 ||     3
   Cast: Foxfire           |    72 |    39 ||   111
         Scorch            |     3 |     7 ||    10
    Use: Potion            |     2 |     1 ||     3
         Scroll            |     1 |       ||     1
 Armour: Robe              |    15 |     2 ||    17
  Dodge: Dodged            |    96 |     7 ||   103

Table legend: (Time is in decaauts)
 A = Elapsed time spent in this place.
 B = Non-inter-level travel time spent in this place.
 C = Inter-level travel time spent in this place.
 D = Time resting spent in this place.
 E = Time spent auto-exploring this place.
 F = Levels seen in this place.
 G = Mean time per level.
                   A        B        C        D        E       F      G
               +--------+--------+--------+--------+--------+-----+--------+
         Total |   2996 |   2911 |     85 |      0 |   2498 |   3 |  998.7 |
       Dungeon |   2996 |   2911 |     85 |      0 |   2498 |   3 |  998.7 |
               +--------+--------+--------+--------+--------+-----+--------+

Top non-repeatable levels by time:
     D:2: 1263 daAuts
     D:1: 1228 daAuts
     D:3: 504 daAuts
